PIO
GRAND JUNCTION ROCKIES @ PORTLAND TIGERS
08/12/2099
 
TOP OF THE 1ST
Grand Junction Rockies batting - Pitching for Portland Tigers : LHP Zeke Carter
Pitching: LHP Zeke Carter
Batting: RHB Jim Strickland 0-0: Fly out, F7 (Flyball, 78S, EV 89.4 MPH)
Batting: LHB Marco Diaz 0-0: Ground out U3 (Groundball, 3, EV 64.4 MPH)
Batting: RHB Chad Nito 0-0: Ball
1-0: Foul Ball, location: 23F
1-1: Foul Ball, location: 23FF
1-2: Strikes out swinging
Top of the 1st over - 0 runs, 0 hits, 0 errors, 0 left on base; Grand Junction 0 - Portland 0
BOTTOM OF THE 1ST
Portland Tigers batting - Pitching for Grand Junction Rockies : LHP Ross Curran
Pitching: LHP Ross Curran
Batting: LHB Brent Lewis 0-0: Fly out, F8 (Flyball, 8RM, EV 78.1 MPH)
Batting: RHB Danny Shipman 0-0: Ball
1-0: Called Strike
1-1: Ball
2-1: Ball
3-1: Foul Ball, location: 2F
3-2: Strikes out swinging
Batting: RHB Mike Walters 0-0: Fly out, F8 (Line Drive, 8LD, EV 87.5 MPH)
Bottom of the 1st over - 0 runs, 0 hits, 0 errors, 0 left on base; Grand Junction 0 - Portland 0
TOP OF THE 2ND
Grand Junction Rockies batting - Pitching for Portland Tigers : LHP Zeke Carter
Batting: RHB Mike Frazier 0-0: Ball
1-0: Ball
2-0: Foul Ball, location: 9LSF
2-1: Fly out, F8 (Flyball, 8LXD, EV 96.9 MPH)
Batting: LHB Enrique Castillo 0-0: Called Strike
0-1: Ball
1-1: Ball
2-1: Swinging Strike
2-2: Ball
3-2: Foul Ball, location: 2F
3-2: Foul Ball, location: 7LDF
3-2: Base on Balls
Batting: SHB Felix Verjano 0-0: Foul Ball, location: 25F
0-1: Fly out, F6 (Popup, 56, EV 71.3 MPH)
Batting: LHB Tyrell Maclin 0-0: Ball
1-0: Swinging Strike
1-1: Foul Ball, location: 7LDF
1-2: Strikes out swinging
Top of the 2nd over - 0 runs, 0 hits, 0 errors, 1 left on base; Grand Junction 0 - Portland 0
BOTTOM OF THE 2ND
Portland Tigers batting - Pitching for Grand Junction Rockies : LHP Ross Curran
Batting: LHB Chris Clark 0-0: Called Strike
0-1: Foul Ball, location: 9LSF
0-2: Ball
1-2: Foul Ball, location: 2LF
1-2: Fly out, F8 (Flyball, 8RD, EV 100.0 MPH)
Batting: RHB Angelo Villagrana 0-0: Ball
1-0: Ball
2-0: Called Strike
2-1: Ball
3-1: DOUBLE (Line Drive, 9LM, EV 98.8 MPH)
Batting: RHB Nick Sciara 0-0: Called Strike
0-1: SINGLE (Groundball, 4D, EV 97.5 MPH)
Angelo Villagrana to third
Runner from 3rd tries for Home, SAFE, throw by CF to home
Batting: RHB Ivan Canas 0-0: Swinging Strike
0-1: Ball
1-1: Fielders Choice at 2nd, 5-4 (Groundball, 56D, EV 87.5 MPH)
Batting: RHB Tyler Jackson 0-0: Called Strike
0-1: Ball
1-1: Ball
2-1: Foul Ball, location: 5F
2-2: Ball
3-2: Ground out 5-3 (Groundball, 5S, EV 90.0 MPH)
Bottom of the 2nd over - 1 run, 2 hits, 0 errors, 1 left on base; Grand Junction 0 - Portland 1
TOP OF THE 3RD
Grand Junction Rockies batting - Pitching for Portland Tigers : LHP Zeke Carter
Batting: RHB Cal Busby 0-0: Swinging Strike
0-1: Ball
1-1: Ball
2-1: Foul Ball, location: 7LMF
2-2: Ball
3-2: Strikes out swinging
Batting: RHB Phil Pfaff 0-0: Ball
1-0: Foul Ball, location: 7LDF
1-1: SINGLE (Line Drive, 78S, EV 110.6 MPH)
Batting: RHB Jim Strickland 0-0: Ball
1-0: Ball
2-0: Ball
3-0: Base on Balls
Phil Pfaff to second
Batting: LHB Marco Diaz 0-0: Ball
1-0: Fly out, F8 (Line Drive, 78M, EV 97.5 MPH)
Batting: RHB Chad Nito 0-0: Called Strike
0-1: Ball
1-1: Foul Ball, location: 2F
1-2: Strikes out looking
Top of the 3rd over - 0 runs, 1 hit, 0 errors, 2 left on base; Grand Junction 0 - Portland 1
BOTTOM OF THE 3RD
Portland Tigers batting - Pitching for Grand Junction Rockies : LHP Ross Curran
Batting: RHB Andres Velazquez 0-0: Called Strike
0-1: Foul Ball, location: 5FF
0-2: SINGLE (Groundball, 34D, EV 95.6 MPH)
Batting: LHB Brent Lewis Balk!
Andres Velazquez to second
0-0: Ball
1-0: Foul Ball, location: 3DF
1-1: Ball
2-1: SINGLE (Line Drive, 9LM, EV 106.3 MPH)
Andres Velazquez to third
Runner from 3rd tries for Home, SAFE, no throw by RF
Batting: RHB Danny Shipman 0-0: Bunted foul
0-1: Bunted foul
0-2: Fly out, F4 (Popup, 3D, EV 28.8 MPH)
Batting: RHB Mike Walters 0-0: Grounds into double play, 6-4-3 (Groundball, 6S, EV 79.4 MPH)
Bottom of the 3rd over - 1 run, 2 hits, 0 errors, 0 left on base; Grand Junction 0 - Portland 2
TOP OF THE 4TH
Grand Junction Rockies batting - Pitching for Portland Tigers : LHP Zeke Carter
Batting: RHB Mike Frazier 0-0: Foul Ball, location: 7LMFF
0-1: Called Strike
0-2: Ball
1-2: Fly out, F7 (Flyball, 7LM, EV 92.5 MPH)
Batting: LHB Enrique Castillo 0-0: Ball
1-0: Fly out, F7 (Flyball, 78D, EV 109.4 MPH)
Batting: SHB Felix Verjano 0-0: Called Strike
0-1: Swinging Strike
0-2: Strikes out swinging
Top of the 4th over - 0 runs, 0 hits, 0 errors, 0 left on base; Grand Junction 0 - Portland 2
BOTTOM OF THE 4TH
Portland Tigers batting - Pitching for Grand Junction Rockies : LHP Ross Curran
Batting: LHB Chris Clark 0-0: Ground out 4-3 (Groundball, 4S, EV 68.1 MPH)
Batting: RHB Angelo Villagrana 0-0: Called Strike
0-1: Swinging Strike
0-2: DOUBLE (Line Drive, 7LS, EV 103.1 MPH)
Batting: RHB Nick Sciara 0-0: Foul Ball, location: 3SF
0-1: Ball
1-1: Foul Ball, location: 3DF
1-2: Foul Ball, location: 9LDF
1-2: Ground out 4-3 (Groundball, 4, EV 87.5 MPH)
Angelo Villagrana to third
Batting: RHB Ivan Canas 0-0: Foul Ball, location: 2F
0-1: Foul Ball, location: 2F
0-2: Fly out, F9 (Flyball, 9LM, EV 82.5 MPH)
Bottom of the 4th over - 0 runs, 1 hit, 0 errors, 1 left on base; Grand Junction 0 - Portland 2
TOP OF THE 5TH
Grand Junction Rockies batting - Pitching for Portland Tigers : LHP Zeke Carter
Batting: LHB Tyrell Maclin 0-0: Ball
1-0: Called Strike
1-1: Ball
2-1: Swinging Strike
2-2: Ground out U3 (Groundball, 34, EV 80.6 MPH)
Batting: RHB Cal Busby 0-0: Called Strike
0-1: Swinging Strike
0-2: Strikes out looking
Batting: RHB Phil Pfaff 0-0: Ball
1-0: Foul Ball, location: 2F
1-1: Hit by Pitch
Batting: RHB Jim Strickland 0-0: Swinging Strike
0-1: Swinging Strike
0-2: DOUBLE (Flyball, 8RD, EV 103.1 MPH)
Phil Pfaff to third
Runner from 3rd tries for Home, SAFE, no throw by CF
Batting: LHB Marco Diaz 0-0: Called Strike
0-1: Called Strike
0-2: Strikes out swinging
Top of the 5th over - 1 run, 1 hit, 0 errors, 1 left on base; Grand Junction 1 - Portland 2
BOTTOM OF THE 5TH
Portland Tigers batting - Pitching for Grand Junction Rockies : LHP Ross Curran
Batting: RHB Tyler Jackson 0-0: Hit by Pitch
Batting: RHB Andres Velazquez 0-0: Ball
1-0: Ball
2-0: Bunted foul
2-1: Bunt missed!
2-2: Hit by Pitch
Tyler Jackson to second
Batting: LHB Brent Lewis 0-0: Called Strike
0-1: Ball
1-1: Sac Bunt to 15 - play at first, batter OUT! 1-3
Tyler Jackson to third
Andres Velazquez to second
Batting: RHB Danny Shipman 0-0: Ball
1-0: Ball
2-0: DOUBLE (Line Drive, 9LS, EV 105.6 MPH)
Tyler Jackson scores
Andres Velazquez scores
Batting: RHB Mike Walters 0-0: Ball
1-0: Ground out 4-3 (Groundball, 4S, EV 76.3 MPH)
Danny Shipman to third
Batting: LHB Chris Clark 0-0: Ground out 5-3 (Groundball, 56, EV 92.5 MPH)
Bottom of the 5th over - 2 runs, 1 hit, 0 errors, 1 left on base; Grand Junction 1 - Portland 4
TOP OF THE 6TH
Grand Junction Rockies batting - Pitching for Portland Tigers : LHP Zeke Carter
Batting: RHB Chad Nito 0-0: Ball
1-0: Foul Ball, location: 2F
1-1: Foul Ball, location: 2F
1-2: Ball
2-2: Ball
3-2: Foul Ball, location: 2F
3-2: Base on Balls
Pitching: RHP Victor Rodriguez
Batting: RHB Mike Frazier 0-0: Ball
1-0: Ball
2-0: Ball
3-0: Base on Balls
Chad Nito to second
Batting: LHB Enrique Castillo 0-0: Ball
1-0: Swinging Strike
1-1: Ball
2-1: Grounds into double play, 5-4-3 (Groundball, 56, EV 96.3 MPH)
Chad Nito to third
Pinch Hitting: RHB Ryan Steele 0-0: Ball
1-0: Called Strike
1-1: Foul Ball, location: 2F
1-2: Strikes out looking
Top of the 6th over - 0 runs, 0 hits, 0 errors, 1 left on base; Grand Junction 1 - Portland 4
BOTTOM OF THE 6TH
Portland Tigers batting - Pitching for Grand Junction Rockies : LHP Ross Curran
Now at 2B: Joe Wagner
Batting: RHB Angelo Villagrana 0-0: Called Strike
0-1: Ball
1-1: Swinging Strike
1-2: Foul Ball, location: 25F
1-2: Strikes out swinging
Batting: RHB Nick Sciara 0-0: Ball
1-0: Ball
2-0: SINGLE (Groundball, 34D, EV 101.9 MPH)
Batting: RHB Ivan Canas 0-0: Called Strike
0-1: Ball
1-1: Foul Ball, location: 2F
1-2: SINGLE (Groundball, 4D, EV 105.6 MPH)
Nick Sciara to second
Runner from 2nd tries for 3rd, SAFE, throw by RF made to third
Pitching: RHP Angelo Caraballo
Batting: RHB Tyler Jackson 0-0: SINGLE (Line Drive, 5D, EV 94.4 MPH)
Nick Sciara scores
Ivan Canas to second
Batting: RHB Andres Velazquez 0-0: Fly out, F8 (Flyball, 8RD, EV 99.4 MPH)
Runner from 2nd tags up, SAFE at 3rd with throw by CF
Batting: LHB Brent Lewis 0-0: Called Strike
Tyler Jackson is caught stealing 2nd base 2-6
Bottom of the 6th over - 1 run, 3 hits, 0 errors, 1 left on base; Grand Junction 1 - Portland 5
TOP OF THE 7TH
Grand Junction Rockies batting - Pitching for Portland Tigers : RHP Victor Rodriguez
Batting: LHB Tyrell Maclin 0-0: Foul Ball, location: 2F
0-1: Ball
1-1: Foul Ball, location: 25FF
1-2: Ball
2-2: Ball
3-2: Base on Balls
Batting: RHB Cal Busby 0-0: Ball
1-0: Called Strike
1-1: Ball
2-1: Ball
3-1: Grounds into double play, 4-6-3 (Groundball, 4, EV 87.5 MPH)
Batting: RHB Phil Pfaff 0-0: Called Strike
0-1: Swinging Strike
0-2: Ball
1-2: Ball
2-2: Ball
3-2: Base on Balls
Batting: RHB Jim Strickland 0-0: Ball
1-0: Foul Ball, location: 7LMF
1-1: Ball
2-1: SINGLE (Flyball, 8LS, EV 92.5 MPH)
Phil Pfaff to second
Batting: LHB Marco Diaz 0-0: Called Strike
0-1: Ball
1-1: Swinging Strike
1-2: Ground out 1-3 (Groundball, 34S, EV 71.9 MPH)
Top of the 7th over - 0 runs, 1 hit, 0 errors, 2 left on base; Grand Junction 1 - Portland 5
BOTTOM OF THE 7TH
Portland Tigers batting - Pitching for Grand Junction Rockies : RHP Angelo Caraballo
Batting: LHB Brent Lewis 0-0: Fly out, F7 (Flyball, 7, EV 94.4 MPH)
Batting: RHB Danny Shipman 0-0: Fly out, F8 (Flyball, 8RM, EV 86.3 MPH)
Batting: RHB Mike Walters 0-0: Ball
1-0: Foul Ball, location: 9LDF
1-1: Ball
2-1: Called Strike
2-2: Ball
3-2: Foul Ball, location: 9LDF
3-2: Fly out, F8 (Flyball, 8LXD, EV 100.6 MPH)
Bottom of the 7th over - 0 runs, 0 hits, 0 errors, 0 left on base; Grand Junction 1 - Portland 5
TOP OF THE 8TH
Grand Junction Rockies batting - Pitching for Portland Tigers : RHP Victor Rodriguez
Pitching: RHP Lorenzo Moroyoqui
Batting: RHB Chad Nito 0-0: Foul Ball, location: 3FF
0-1: Foul Ball, location: 2F
0-2: SINGLE (Groundball, 4MD, EV 109.4 MPH)
Batting: RHB Mike Frazier 0-0: Ball
1-0: Ball
2-0: SINGLE (Groundball, 34D, EV 101.9 MPH)
Chad Nito to second
Runner from 2nd tries for 3rd, SAFE, no throw by RF
Batting: LHB Enrique Castillo 0-0: Foul Ball, location: 25FF
0-1: Ground out 4-3 (Groundball, 34, EV 85.6 MPH)
Chad Nito scores
Mike Frazier to second
Batting: RHB Joe Wagner 0-0: Called Strike
0-1: Ground out U3 (Groundball, 13, EV 83.8 MPH)
Mike Frazier to third
Batting: LHB Tyrell Maclin 0-0: Ball
1-0: Called Strike
1-1: Called Strike
1-2: Foul Ball, location: 5SF
1-2: Ball
2-2: Ball
3-2: Base on Balls
Batting: RHB Cal Busby 0-0: Ball
1-0: Foul Ball, location: 2F
1-1: Foul Ball, location: 2F
1-2: Foul Ball, location: 7LSF
1-2: SINGLE (Line Drive, 6D, EV 100.6 MPH)
Mike Frazier scores
Tyrell Maclin to second
Pinch Runner at 2nd Ralph Wohl:
Pinch Hitting: LHB Danny Lopez 0-0: Ball
1-0: Ball
2-0: Ball
3-0: Called Strike
3-1: Base on Balls
Ralph Wohl to third
Cal Busby to second
Pinch Hitting: RHB Eric Benjamin 0-0: Called Strike
0-1: Ball
1-1: Fly out, F4 (Popup, 23, EV 84.4 MPH)
Top of the 8th over - 2 runs, 3 hits, 0 errors, 3 left on base; Grand Junction 3 - Portland 5
BOTTOM OF THE 8TH
Portland Tigers batting - Pitching for Grand Junction Rockies : RHP Angelo Caraballo
Now at C: Ernesto Guerrero
Now at 1B: Enrique Castillo
Now at 3B: Eric Benjamin
Now in CF: Ralph Wohl
Batting: LHB Chris Clark 0-0: Ball
1-0: Called Strike
1-1: Foul Ball, location: 5DF
1-2: Ball
2-2: Foul Ball, location: 2F
2-2: Ball
3-2: Ground out 4-3 (Groundball, 4, EV 83.1 MPH)
Batting: RHB Angelo Villagrana 0-0: Ball
1-0: Ball
2-0: Swinging Strike
2-1: SINGLE (Line Drive, 78S, EV 99.4 MPH)
Batting: RHB Nick Sciara 0-0: Grounds into double play, 6-4-3 (Groundball, 6, EV 86.9 MPH)
Bottom of the 8th over - 0 runs, 1 hit, 0 errors, 0 left on base; Grand Junction 3 - Portland 5
TOP OF THE 9TH
Grand Junction Rockies batting - Pitching for Portland Tigers : RHP Lorenzo Moroyoqui
Pitching: LHP Jacob Gale
Now at 3B: Josh Smith
Now at SS: Ben Staff
Now in LF: Luis Chacon
Batting: LHB Marco Diaz 0-0: Ball
1-0: Foul Ball, location: 2F
1-1: Fly out, F5 (Popup, 25F, EV 91.9 MPH)
Batting: RHB Chad Nito 0-0: Swinging Strike
0-1: Ball
1-1: Swinging Strike
1-2: Fly out, F9 (Flyball, 9LM, EV 97.5 MPH)
Batting: RHB Mike Frazier 0-0: Foul Ball, location: 2F
0-1: TRIPLE (Flyball, 89XD, EV 108.8 MPH)
Batting: LHB Enrique Castillo 0-0: Called Strike
0-1: Swinging Strike
0-2: Ball
1-2: Strikes out swinging
Top of the 9th over - 0 runs, 1 hit, 0 errors, 1 left on base; Grand Junction 3 - Portland 5
Tuesday, May 14th , 2024 - OOTP Baseball 24.11 Build 85